% Time on Ice - CALGARY FIREMEN
Lines # - Real PCT - Wanted PCT - Time Play
Normal Forward
1 - 40% - 33% - 18:53
2 - 23% - 31% - 10:51
3 - 26% - 26% - 12:21
4 - 11% - 10% - 5:20
Normal Defense
1 - 35% - 33% - 16:44
2 - 31% - 31% - 14:47
3 - 28% - 26% - 13:11
4 - 6% - 10% - 2:43
PP Forward
1 - 53% - 50% - 2:27
2 - 47% - 50% - 2:12
PP Defense
1 - 49% - 50% - 2:18
2 - 51% - 50% - 2:21
PK Forward
1 - 53% - 50% - 4:13
2 - 47% - 50% - 3:43
PK Defense
1 - 47% - 50% - 3:46
2 - 53% - 50% - 4:10
PK3 Forward
1 - 0% - 50%
2 - 0% - 50%
PK3 Defense
1 - 0% - 50%
2 - 0% - 50%
44 Forward
1 - 0% - 55%
2 - 0% - 45%
44 Defense
1 - 0% - 55%
2 - 0% - 45%
Last Minute Offensive  - 0:00
Last Minute Defensive  - 0:00
Total
Forward - 60:00
Defense - 60:00
% Time on Ice - REGINA FALCONS
Lines # - Real PCT - Wanted PCT - Time Play
Normal Forward
1 - 28% - 35% - 13:21
2 - 36% - 32% - 16:57
3 - 13% - 19% - 6:04
4 - 23% - 14% - 11:03
Normal Defense
1 - 35% - 38% - 16:48
2 - 34% - 35% - 16:16
3 - 25% - 27% - 11:50
4 - 5% - 0% - 2:31
PP Forward
1 - 52% - 55% - 4:06
2 - 48% - 45% - 3:50
PP Defense
1 - 50% - 55% - 3:57
2 - 50% - 45% - 3:59
PK Forward
1 - 58% - 55% - 2:41
2 - 42% - 45% - 1:58
PK Defense
1 - 46% - 55% - 2:09
2 - 54% - 45% - 2:30
PK3 Forward
1 - 0% - 55%
2 - 0% - 45%
PK3 Defense
1 - 0% - 55%
2 - 0% - 45%
44 Forward
1 - 0% - 55%
2 - 0% - 45%
44 Defense
1 - 0% - 55%
2 - 0% - 45%
Last Minute Offensive  - 0:00
Last Minute Defensive  - 0:00
Total
Forward - 60:00
Defense - 60:00
Play-by-Play 1st period 0:01 of 1st period - Ryan Johansen wins face-off versus Boone Jenner in neutral zone. 0:04 of 1st period - Boone Jenner is hit by Viktor Arvidsson. 0:31 of 1st period - David Pastrnak is hit by Andy Greene and loses puck. 1:34 of 1st period - Shot by Ryan Murray. 1:34 of 1st period - Shot Blocked by Daniel Girardi. 1:36 of 1st period - Shot by Nazem Kadri. 1:36 of 1st period - Shot Misses the Net. 3:16 of 1st period - Shot by Viktor Arvidsson. 3:16 of 1st period - Deflect By Filip Forsberg. 3:16 of 1st period - Stopped by Frederik Andersen without a rebound. 3:17 of 1st period - Nazem Kadri wins face-off versus Austin Czarnik in REGINA FALCONS zone. 3:52 of 1st period - Shot by Brady Tkachuk. 3:52 of 1st period - Stopped by Keith Kinkaid without a rebound. 3:53 of 1st period - Boone Jenner wins face-off versus Adam Henrique in CALGARY FIREMEN zone. 4:08 of 1st period - Shot by Boone Jenner. 4:08 of 1st period - Shot Misses the Net. 4:16 of 1st period - Shot by Alex Tuch. 4:16 of 1st period - Goal by Alex Tuch - CALGARY FIREMEN : 1 - REGINA FALCONS : 0. 4:17 of 1st period - Viktor Arvidsson wins face-off versus David Pastrnak in neutral zone. 4:22 of 1st period - Shot by Viktor Arvidsson. 4:22 of 1st period - Stopped by Frederik Andersen without a rebound. 4:23 of 1st period - Ryan Johansen wins face-off versus Brady Tkachuk in REGINA FALCONS zone. 4:26 of 1st period - Shot by Filip Forsberg. 4:26 of 1st period - Shot Misses the Net. 4:28 of 1st period - Shot by Viktor Arvidsson. 4:28 of 1st period - Stopped by Frederik Andersen without a rebound. 4:29 of 1st period - Adam Henrique wins face-off versus David Pastrnak in REGINA FALCONS zone. 4:43 of 1st period - Adam Henrique is hit by Valeri Nichushkin. 4:45 of 1st period - Shot by Alex Tuch. 4:45 of 1st period - Stopped by Frederik Andersen without a rebound. 4:46 of 1st period - Luke Glendening wins face-off versus Nazem Kadri in REGINA FALCONS zone. 4:49 of 1st period - Shot by Oskar Lindblom. 4:49 of 1st period - Stopped by Frederik Andersen without a rebound. 4:50 of 1st period - Boone Jenner wins face-off versus Luke Glendening in REGINA FALCONS zone. 5:07 of 1st period - Shot by David Pastrnak. 5:07 of 1st period - Stopped by Keith Kinkaid without a rebound. 5:08 of 1st period - Nazem Kadri wins face-off versus Ryan Johansen in CALGARY FIREMEN zone. 5:11 of 1st period - Shot by Nazem Kadri. 5:11 of 1st period - Shot Misses the Net. 5:13 of 1st period - Shot by Nazem Kadri. 5:13 of 1st period - Shot Blocked by Brent Seabrook. 5:15 of 1st period - Shot by Nazem Kadri. 5:15 of 1st period - Shot Misses the Net. 5:29 of 1st period - Shot by Jonathan Miller. 5:29 of 1st period - Shot Misses the Net. 5:34 of 1st period - Jonathan Miller is hit by Andy Greene and loses puck. 6:29 of 1st period - Luke Glendening is hit by Filip Hronek and loses puck. 6:33 of 1st period - Icing by Filip Hronek. 6:34 of 1st period - Boone Jenner wins face-off versus Adam Henrique in REGINA FALCONS zone. 6:47 of 1st period - Shot by Ryan Murray. 6:47 of 1st period - Goal by Ryan Murray - CALGARY FIREMEN : 1 - REGINA FALCONS : 1. 6:48 of 1st period - Ryan Johansen wins face-off versus Brian Gibbons in neutral zone. 6:57 of 1st period - Shot by Filip Forsberg. 6:57 of 1st period - Shot Misses the Net. 6:59 of 1st period - Shot by Ryan Johansen. 6:59 of 1st period - Deflect By Viktor Arvidsson. 6:59 of 1st period - Shot Blocked by Joel Edmundson. 7:01 of 1st period - Shot by Daniel Girardi. 7:01 of 1st period - Shot Misses the Net. 7:27 of 1st period - Shot by Sami Vatanen. 7:27 of 1st period - Deflect By Matt Martin. 7:27 of 1st period - Shot Misses the Net. 8:19 of 1st period - Shot by Adam Henrique. 8:19 of 1st period - Shot Misses the Net. 8:30 of 1st period - David Pastrnak is hit by Luke Glendening and loses puck. 8:34 of 1st period - Off-side. 8:35 of 1st period - Nazem Kadri wins face-off versus Austin Czarnik in neutral zone. 8:55 of 1st period - Minor Penalty to Colton Sceviour for Holding. 8:56 of 1st period - Luke Glendening wins face-off versus Boone Jenner in CALGARY FIREMEN zone. 10:04 of 1st period - Shot by Ryan Murray. 10:04 of 1st period - Stopped by Keith Kinkaid with a rebound. 10:06 of 1st period - Shot by Filip Hronek. 10:06 of 1st period - Shot Blocked by Ian Cole. 10:08 of 1st period - Shot by Ryan Murray. 10:08 of 1st period - Shot Misses the Net. 10:10 of 1st period - Shot by David Pastrnak. 10:10 of 1st period - Shot Misses the Net. 10:22 of 1st period - Shot by Ryan Murray. 10:22 of 1st period - Stopped by Keith Kinkaid without a rebound. 10:23 of 1st period - Boone Jenner wins face-off versus Oskar Lindblom in CALGARY FIREMEN zone. 10:43 of 1st period - Shot by Jonathan Miller. 10:43 of 1st period - Shot Misses the Net. 10:45 of 1st period - Shot by Marc-Edouard Vlasic. 10:45 of 1st period - Shot Misses the Net. 10:47 of 1st period - Shot by Max Pacioretty. 10:47 of 1st period - Shot Misses the Net. 10:58 of 1st period - Icing by Jonathon Merrill. 10:59 of 1st period - Adam Henrique wins face-off versus David Pastrnak in CALGARY FIREMEN zone. 11:09 of 1st period - Brandon Saad is hit by Jonathon Merrill and loses puck. 11:12 of 1st period - Shot by Brandon Saad. 11:12 of 1st period - Deflect By David Pastrnak. 11:12 of 1st period - Shot Misses the Net. 11:14 of 1st period - Shot by Ron Hainsey. 11:14 of 1st period - Stopped by Keith Kinkaid with a rebound. 11:16 of 1st period - Shot by Joel Edmundson. 11:16 of 1st period - Stopped by Keith Kinkaid without a rebound. 11:17 of 1st period - Ryan Johansen wins face-off versus Brian Gibbons in CALGARY FIREMEN zone. 12:18 of 1st period - Off-side. 12:19 of 1st period - Adam Henrique wins face-off versus Boone Jenner in neutral zone. 13:53 of 1st period - Minor Penalty to Brady Tkachuk for Hooking. 13:54 of 1st period - David Pastrnak wins face-off versus Ryan Johansen in REGINA FALCONS zone. 13:59 of 1st period - Filip Forsberg is hit by Brandon Saad and loses puck. 14:14 of 1st period - Shot by Filip Forsberg. 14:14 of 1st period - Stopped by Frederik Andersen with a rebound. 14:16 of 1st period - Shot by Viktor Arvidsson. 14:16 of 1st period - Shot Misses the Net. 14:18 of 1st period - Shot by Ryan Johansen. 14:18 of 1st period - Stopped by Frederik Andersen without a rebound. 14:19 of 1st period - Adam Henrique wins face-off versus Brian Gibbons in REGINA FALCONS zone. 14:34 of 1st period - Shot by Adam Henrique. 14:34 of 1st period - Goal by Adam Henrique - CALGARY FIREMEN : 2 - REGINA FALCONS : 1. 14:35 of 1st period - Ryan Johansen wins face-off versus Nazem Kadri in neutral zone. 14:51 of 1st period - Shot by Ryan Johansen. 14:51 of 1st period - Shot Blocked by Ryan Murray. 15:18 of 1st period - Shot by Ryan Johansen. 15:18 of 1st period - Stopped by Frederik Andersen without a rebound. 15:19 of 1st period - Boone Jenner wins face-off versus Luke Glendening in REGINA FALCONS zone. 15:32 of 1st period - Shot by Luke Glendening. 15:32 of 1st period - Deflect By Oskar Lindblom. 15:32 of 1st period - Shot Blocked by Sami Vatanen. 15:34 of 1st period - Shot by Luke Glendening. 15:34 of 1st period - Stopped by Frederik Andersen without a rebound. 15:35 of 1st period - Adam Henrique wins face-off versus Brian Gibbons in REGINA FALCONS zone. 15:48 of 1st period - Shot by Alex Tuch. 15:48 of 1st period - Stopped by Frederik Andersen without a rebound. 15:49 of 1st period - Luke Glendening wins face-off versus David Pastrnak in REGINA FALCONS zone. 16:00 of 1st period - Shot by Luke Glendening. 16:00 of 1st period - Stopped by Frederik Andersen without a rebound. 16:01 of 1st period - Adam Henrique wins face-off versus Nazem Kadri in REGINA FALCONS zone. 16:34 of 1st period - Alex Tuch is hit by Brady Tkachuk and loses puck. 16:42 of 1st period - Minor Penalty to Marc-Edouard Vlasic for Hooking. 16:43 of 1st period - Ryan Johansen wins face-off versus David Pastrnak in REGINA FALCONS zone. 16:58 of 1st period - Shot by Ryan Johansen. 16:58 of 1st period - Shot Misses the Net. 17:04 of 1st period - Shot by Viktor Arvidsson. 17:04 of 1st period - Shot Misses the Net. 17:06 of 1st period - Shot by Filip Forsberg. 17:06 of 1st period - Stopped by Frederik Andersen without a rebound. 17:07 of 1st period - David Pastrnak wins face-off versus Adam Henrique in REGINA FALCONS zone. 17:25 of 1st period - Joel Edmundson is hit by Alex Tuch and loses puck. 18:31 of 1st period - Icing by Viktor Arvidsson. 18:32 of 1st period - Ryan Johansen wins face-off versus David Pastrnak in CALGARY FIREMEN zone. 19:24 of 1st period - Shot by Jonathan Miller. 19:24 of 1st period - Shot Blocked by Andy Greene. 19:26 of 1st period - Shot by Jonathan Miller. 19:26 of 1st period - Stopped by Keith Kinkaid without a rebound. 19:27 of 1st period - Boone Jenner wins face-off versus Adam Henrique in CALGARY FIREMEN zone. 19:41 of 1st period - Marcus Johansson is hit by Joel Edmundson and loses puck. 19:58 of 1st period - Shot by Alex Tuch. 19:58 of 1st period - Shot Misses the Net. Goals for this period are 2 for CALGARY FIREMEN vs 1 for REGINA FALCONS. Shots for this period are 14 for CALGARY FIREMEN vs 8 for REGINA FALCONS. 2nd period 0:01 of 2nd period - Boone Jenner wins face-off versus Ryan Johansen in neutral zone. 0:18 of 2nd period - Ron Hainsey is hit by Viktor Arvidsson and loses puck. 0:31 of 2nd period - Shot by Viktor Arvidsson. 0:31 of 2nd period - Shot Misses the Net. 0:41 of 2nd period - Shot by Viktor Arvidsson. 0:41 of 2nd period - Shot Misses the Net. 0:43 of 2nd period - Shot by Filip Forsberg. 0:43 of 2nd period - Stopped by Frederik Andersen without a rebound. 0:44 of 2nd period - Luke Glendening wins face-off versus Nazem Kadri in REGINA FALCONS zone. 0:44 of 2nd period - Jonatho